[Event "*** Titled Tuesday Blitz"]
[Site "Chess.com"]
[Date "2020.11.10"]
[Round "4"]
[White "Fandorine"]
[Black "LawrenceTrent"]
[Result "0-1"]
[WhiteElo "2830"]
[BlackElo "2552"]
[TimeControl "180+1"]
[EndTime "10:42:39 PST"]
[Termination "LawrenceTrent won by resignation"]

1. e4 e5 2. Bc4 Nf6 3. d3 Nc6 4.
Nc3 Bb4 5. Ne2 d5 6. exd5 Nxd5 7. Bxd5 Qxd5 8. O-O Qd7 9. f4 O-O 10. f5 f6 11. Ng3 Kh8 12. Nce4 Rd8 13. Kh1 Bf8 14. Be3 b6 15. Qh5 Qe8 16. Qh4 a5 17. a3 Qf7 18.
Ne2 Ne7 19. N2g3 c5 20. Rae1 Bb7 21. Nd2 Rac8 22. Nge4 Nd5 23. Rf3 b5 24. Rh3 Qg8 25. c4 Ne7 26. Bxc5 Nxf5 27. Qf2 Nd4 28. Bxf8 Qxf8 29. c5 Bd5 30. b4 axb4 31. axb4 Ra8 32. Nb1 Ra2 33. Qh4 Bg8 34. Nbd2 Ne6 35. Nf3 Nf4 36.
Rg3 Rxd3 37. h3 Nxg2 38. Rxg2 Rxf3 39. Rxa2 Bxa2 40. Nd6 Bd5 41. Kg1 Rf4 42. Qh5 g6 43.
Qd1 Qh6 44. Qxd5 Qg5+ 45. Kh1 Qg3 46. Qg2 Qxe1+ 0-1

[Event "*** Titled Tuesday Blitz"]
[Site "Chess.com"]
[Date "2020.11.10"]
[Round "4"]
[White "MarceloPlaya"]
[Black "catzapto"]
[Result "0-1"]
[WhiteElo "2284"]
[BlackElo "2140"]
[TimeControl "180+1"]
[EndTime "10:42:39 PST"]
[Termination "catzapto won on time"]

1. e4 c5 2. Nf3 e6 3. d4 cxd4 4. Nxd4 Nf6 5. Nc3 Bb4 6. Bd3 Nc6 7. Nb3 d5 8. exd5 Nxd5 9. Bd2 Nxc3 10. bxc3 Be7 11. O-O O-O 12. Rb1 Ne5 13. Be4 f5 14. Bf3 Nxf3+ 15. Qxf3 a5 16. Rfd1 Qc7 17. Nd4 e5 18.
Nb5 Qb8 19. Qd5+ Kh8 20. c4 Ra6 21. Bc3 Bf6 22. c5 Be6 23. Qd2 Rc6 24. Bxa5 Rxc5 25.
Bb6 Rc6 26. Nc7 Rxc7 27. Bxc7 Qxc7 28. Qd6 Rc8 29. Qxc7 Rxc7 30. Rd6 Bxa2 31. Ra1 Rxc2 32. Rb6 e4 33. Rd1 h6 34. Rxb7 Bc4 35. g3 Bd3 36. Rd7 Kh7 37. h4 h5 38. Re1 Kg6 39. Rd5 Rb2 40.
Rc1 Rb1 41. Rxb1 Bxb1 42. Kg2 Bd3 43. f3 Kf7 44. Kf2 Ke6 45. fxe4 fxe4 46. Ra5 Bd4+ 47.
Kg2 e3 48. Kf3 e2 49. Ra8 Kd5 0-1

[Event "*** Titled Tuesday Blitz"]
[Site "Chess.com"]
[Date "2020.11.10"]
[Round "4"]
[White "03revilo"]
[Black "Fins0905"]
[Result "0-1"]
[WhiteElo "2379"]
[BlackElo "2624"]
[TimeControl "180+1"]
[EndTime "10:42:40 PST"]
[Termination "Fins0905 won by resignation"]

1. e4 d5 2. exd5 Qxd5 3. Nc3 Qa5 4.
d4 Nf6 5. Bd2 Bg4 6. f3 Bd7 7.
Bc4 Qb6 8. Nge2 e6 9. O-O Be7 10. Kh1 c5 11. dxc5 Qxc5 12. Bb3 O-O 13. Ng3 Bc6 14.
Re1 Nbd7 15. Be3 Qa5 16. Bd4 Bc5 17. Bxc5 Nxc5 18. Qe2 Rfd8 19. Rad1 Nxb3 20. axb3 h6 21. Nge4 Nxe4 22. Nxe4 Qe5 23. Qc4 Qxb2 24. h3 Rac8 25. Rxd8+ Rxd8 26. Qc5 Qd4 27. Qxd4 Rxd4 28. Re2 Bxe4 29.
fxe4 g5 30. Kg1 Kg7 31. Kf2 Kf6 32. Ke3 Ke5 33. Kf3 a5 34. g3 b5 35. h4 gxh4 36.
gxh4 a4 37. bxa4 bxa4 38. c3 Rd3+ 39. Kg4 Rxc3 40. Kh5 Rh3 41. Kg4 Rb3 42. Kh5 a3 43. Kxh6 Rb2 44. Re3 a2 45. Ra3 Kxe4 46. Kg7 f5 47. h5 f4 48. h6 Rh2 49. h7 Rg2+ 50.
Kf7 Rh2 51. Kg7 f3 52. Ra6 f2 53. Rxa2 Rxh7+ 54. Kxh7 f1=Q 0-1

[Event "*** Titled Tuesday Blitz"]
[Site "Chess.com"]
[Date "2020.11.10"]
[Round "4"]
[White "blitzking1729"]
[Black "VitaliyBernadskiy"]
[Result "0-1"]
[WhiteElo "2532"]
[BlackElo "2741"]
[TimeControl "180+1"]
[EndTime "10:42:41 PST"]
[Termination "VitaliyBernadskiy won by checkmate"]

1. d4 g6 2. g3 Bg7 3. Bg2 c5 4. Nf3 cxd4 5. Nxd4 Nc6 6. Nb3 d6 7. O-O h5 8. h4 Nh6 9. c4 Be6 10. Qd3 Ne5 11. Qd1 Bxc4 12. Bxb7 Rb8 13. Bg2 O-O 14.
Nc3 Nf5 15. Bf4 Qb6 16. Nd5 Bxd5 17. Qxd5 Ng4 18. e4 e5 19. exf5 exf4 20. fxg6 fxg3 21.
Qxh5 gxf2+ 22. Kh1 Nh6 23. Rad1 Qe3 24. Qf3 Qe7 25. Qxf2 fxg6 26. Qg3 Nf5 27. Qxg6 Qxh4+ 28. Kg1 Rf6 29. Qxf5 Rxf5 30. Rxf5 Qg4 31. Rdf1 a5 32. R1f4 Qg3 33. Rf3 Qg6 34. R5f4 Be5 35. Rh4 Qb1+ 36. Rf1 Qg6 37. Rf3 Rf8 38. Rxf8+ Kxf8 39. Re4 a4 40. Rxa4 Qb1+ 41. Bf1 Qxb2 42. Re4 Qh2# 0-1

[Event "*** Titled Tuesday Blitz"]
[Site "Chess.com"]
[Date "2020.11.10"]
[Round "4"]
[White "MPGM"]
[Black "ChronicUnhappiness"]
[Result "1/2-1/2"]
[WhiteElo "2461"]
[BlackElo "2321"]
[TimeControl "180+1"]
[EndTime "10:42:41 PST"]
[Termination "Game drawn - insufficient material"]

1. d4 d5 2. c4 e6 3. Nc3 Bb4 4. a3 Bxc3+ 5. bxc3 c5 6. cxd5 exd5 7. e3 Ne7 8. Bd3 Bf5 9. Ne2 c4 10. Bxf5 Nxf5 11.
O-O O-O 12. f3 Qe7 13. Qc2 Nxe3 14. Bxe3 Qxe3+ 15. Kh1 Nc6 16. Ng3 Rfe8 17. Nf5 Qf4 18. Rae1 g6 19. Ng3 Re3 20. Rxe3 Qxe3 21. h3 Re8 22.
Rb1 b6 23. Kh2 h5 24. Nf1 Qd3 25. Qxd3 cxd3 26. Rd1 Re2 27. Rxd3 Ra2 28. Ne3 Ne7 29. c4 dxc4 30. Nxc4 Nd5 31. Ne5 Kg7 32. Kg3 f6 33. Nc6 g5 34. h4 Rxg2+ 35. Kxg2 Nf4+ 36. Kh2 Nxd3 37. hxg5 fxg5 38. Nxa7 Kf6 39. Nc8 Ne1 40. Kg3 h4+ 41. Kf2 Nc2 42. a4 Nxd4 43. Nxb6 Nc6 44. Nc4 Kf5 45. a5 Nxa5 46. Nxa5 g4 47. Nc4 gxf3 48.
Kxf3 Kg5 49. Ne3 h3 50. Kg3 h2 51. Kg2 h1=Q+ 52. Kxh1 1/2-1/2

[Event "*** Titled Tuesday Blitz"]
[Site "Chess.com"]
[Date "2020.11.10"]
[Round "4"]
[White "Sviridov_Valery"]
[Black "Azerichess"]
[Result "1/2-1/2"]
[WhiteElo "2791"]
[BlackElo "2967"]
[TimeControl "180+1"]
[EndTime "10:42:42 PST"]
[Termination "Game drawn - insufficient material"]

1. Nf3 d5 2. g3 Nf6 3. Bg2 g6 4. O-O Bg7 5. d3 O-O 6. Nbd2 Nc6 7. e4 dxe4 8. dxe4 e5 9. c3 a5 10. Nc4 Qe7 11. Qe2 Rd8 12. Bg5 Be6 13. Ne3 Qc5 14.
Bxf6 Bxf6 15. a4 h5 16. Rfd1 Rxd1+ 17. Rxd1 Bb3 18. Ra1 Rd8 19. Qb5 Qb6 20. Nd5 Bxd5 21. exd5 Qxb5 22. axb5 Ne7 23. c4 e4 24. Nd2 Bxb2 25.
Rxa5 Bc3 26. Ra2 Bxd2 27. Rxd2 f5 28. f3 exf3 29. Bxf3 b6 30. Ra2 Kf7 31. Ra7 Rc8 32. c5 bxc5 33. b6 c4 34. bxc7 c3 35. d6 Ke8 36.
Ra3 Kd7 37. dxe7 Rxc7 38. Ra1 Kxe7 39. Kf2 c2 40. Rc1 Kf6 41. Be2 Kg5 42. h4+ Kf6 43. Bd3 g5 44. hxg5+ Kxg5 45. Ke2 Kg4 46. Rxc2 Rxc2+ 47. Bxc2 Kxg3 48. Bxf5 h4 49. Be6 h3 50. Bxh3 1/2-1/2

[Event "*** Titled Tuesday Blitz"]
[Site "Chess.com"]
[Date "2020.11.10"]
[Round "4"]
[White "lelya96"]
[Black "Mikasinski"]
[Result "0-1"]
[WhiteElo "2216"]
[BlackElo "2495"]
[TimeControl "180+1"]
[EndTime "10:42:42 PST"]
[Termination "Mikasinski won by resignation"]

1. e4 c5 2. Nf3 d6 3. d4 cxd4 4.
Nxd4 Nf6 5. Nc3 g6 6. Be3 Bg7 7. f3 O-O 8. Bc4 Nc6 9. Qd2 Bd7 10. O-O-O Rc8 11. Bb3 Ne5 12. h4 h5 13. Bg5 Rc5 14.
Kb1 b5 15. Rhe1 Re8 16. f4 Nc4 17. Bxc4 Rxc4 18. e5 Nh7 19. Nb3 Nxg5 20. hxg5 Bg4 21. Rc1 dxe5 22. fxe5 Qxd2 23. Nxd2 Rc5 24. Nb3 Rxe5 25. Rxe5 Bxe5 26. Nxb5 a6 27. N5d4 Bf4 28. Re1 Bxg5 29. Nc5 Bf6 30. Ndb3 Rc8 31. Nxa6 Bf5 32. Nac5 h4 33. a4 g5 34. a5 g4 35. Rf1 e6 36.
Nd3 Bd8 37. a6 Ra8 38. Nbc5 Bb6 39. b4 Bxd3 40. Nxd3 Rxa6 41. Rf4 f5 42. c4 Be3 43. Rf1 Bd4 44. Kc2 Ra2+ 45. Kb3 Rxg2 46. Nf4 Rg3+ 47. Ka4 Rf3 48. Rxf3 gxf3 49. Nxe6 f2 50. Nxd4 f1=Q 51.
b5 Qa1+ 52. Kb4 Qxd4 0-1

[Event "*** Titled Tuesday Blitz"]
[Site "Chess.com"]
[Date "2020.11.10"]
[Round "4"]
[White "saraswathii"]
[Black "IwkooO"]
[Result "0-1"]
[WhiteElo "2358"]
[BlackElo "2616"]
[TimeControl "180+1"]
[EndTime "10:42:43 PST"]
[Termination "IwkooO won by resignation"]

1. e4 c5 2. d3 d5 3. Nd2 Nc6 4.
Ngf3 g6 5. g3 Bg7 6. Bg2 e6 7.
O-O Nge7 8. c3 O-O 9. Qe2 b6 10. e5 Ba6 11. Re1 b5 12. a3 Qb6 13. Nf1 b4 14.
axb4 cxb4 15. Bf4 Rfc8 16. h4 Nb8 17. Qd2 Nd7 18. Ne3 Nc5 19. cxb4 Nb3 20. Rxa6 Qxa6 21. Qe2 Nc6 22. h5 Nxb4 23. Rd1 Nc6 24. Ng4 Ncd4 25.
Nxd4 Nxd4 26. Qe3 Nf5 27. Qe2 Rab8 28. hxg6 hxg6 29. Nf6+ Kf8 30. Nd7+ Ke8 31. Nxb8 Rxb8 32. Qd2 Qb6 33. d4 Qxb2 34. Qa5 Qb6 35. Qa4+ Kf8 36. Bf1 Kg8 37. Be3 Nxe3 38. fxe3 Bh6 39. Kf2 Qb3 40.
Qxb3 Rxb3 41. Bd3 a5 42. Kf3 a4 43. e4 dxe4+ 44. Kxe4 a3 45. d5 Rb4+ 46. Kf3 exd5 47.
Bb1 Rb3+ 48. Bd3 a2 49. Ke2 Bg7 50. Ra1 Rb2+ 51. Ke3 Bxe5 52. Be2 Rxe2+ 0-1

[Event "*** Titled Tuesday Blitz"]
[Site "Chess.com"]
[Date "2020.11.10"]
[Round "4"]
[White "ARTHURMOTIVATOR"]
[Black "jacky72"]
[Result "0-1"]
[WhiteElo "2345"]
[BlackElo "2535"]
[TimeControl "180+1"]
[EndTime "10:42:43 PST"]
[Termination "jacky72 won on time"]

1. e4 a6 2. d4 g6 3. f4 Bg7 4. Nf3 b5 5. Bd3 Bb7 6. O-O d6 7. c3 e6 8. f5 Ne7 9. Bg5 f6 10. Bh4 g5 11. Bg3 e5 12. Nxg5 fxg5 13. Qh5+ Kd7 14.
f6 Bxf6 15. Rxf6 exd4 16. e5 dxe5 17. Qg4+ Ke8 18. Bxe5 dxc3 19. Qh5+ Kd7 20. Nxc3 Kc8 21. Rd1 Nd7 22. Rf7 Rf8 23. Bg3 Kb8 24. Rxf8 Qxf8 25.
Qxg5 Nc8 26. Bf5 Ndb6 27. Rd8 Qc5+ 28. Bf2 Qb4 29. Bxc8 Nxc8 30. Qd2 Bc6 31. h3 Kb7 32. a3 Qb3 33. Qd4 Qxb2 34. Kh2 Qxa3 35. Ne4 Qe7 36.
Nc5+ Kb8 37. Bg3 a5 38. Qh8 Qxc5 39. Rxc8+ Ka7 40. Rxc7+ Kb6 41. Qf6 Re8 42. Rxh7 Rf8 43. Qh6 b4 44. Rg7 b3 45. Qd2 Qb4 46. Qe3+ Ka6 47.
Qa7+ Kb5 48. Rg5+ Ka4 0-1

[Event "*** Titled Tuesday Blitz"]
[Site "Chess.com"]
[Date "2020.11.10"]
[Round "4"]
[White "Fy_Rakotomaharo"]
[Black "djano"]
[Result "0-1"]
[WhiteElo "2637"]
[BlackElo "2481"]
[TimeControl "180+1"]
[EndTime "10:42:44 PST"]
[Termination "djano won by resignation"]

1. g3 g6 2. Bg2 Bg7 3. d3 Nf6 4. f4 O-O 5. Nf3 d6 6. O-O c5 7. e4 Nc6 8. c3 Rb8 9. a4 a6 10.
Qe2 b5 11. axb5 axb5 12. h3 b4 13. g4 bxc3 14. bxc3 Nd7 15. Be3 Qb6 16. Rc1 e6 17.
Nbd2 d5 18. e5 d4 19. Nc4 Qd8 20. cxd4 cxd4 21. Nxd4 Nxd4 22. Bxd4 Bb7 23. Bxb7 Rxb7 24. Qe4 Qb8 25. Na5 Rb5 26. Nc6 Qe8 27. Ra7 f5 28. exf6 Bxf6 29. Re1 e5 30. fxe5 Bh4 31. e6 Nf6 32.
Bxf6 Rxf6 33. Rf1 Rxe6 34. Qc4 Qxc6 35. Ra8+ Kg7 36. Ra7+ Kg8 37. Ra8+ Qxa8 38. Qxe6+ Kh8 39. Qd6 Qa7+ 40. Kh1 Qa8+ 41. Kg1 Qa7+ 42. Kh1 Be7 43. Qe6 Qb7+ 44. Kg1 Qb6+ 45. Kh1 Qxe6 0-1

[Event "*** Titled Tuesday Blitz"]
[Site "Chess.com"]
[Date "2020.11.10"]
[Round "4"]
[White "Ermito2020"]
[Black "eightbyeightchess"]
[Result "1-0"]
[WhiteElo "2594"]
[BlackElo "2408"]
[TimeControl "180+1"]
[EndTime "10:42:44 PST"]
[Termination "Ermito2020 won by resignation"]

1. e4 d5 2. exd5 Nf6 3. Nf3 Bg4 4. h3 Bh5 5. d4 Qxd5 6. Be2 Nc6 7. c4 Qf5 8. O-O O-O-O 9. d5 Bxf3 10. Bxf3 e6 11. Nc3 Bc5 12. Be3 Bxe3 13. fxe3 Qg5 14. Qe2 exd5 15.
cxd5 Ne5 16. Rac1 Rhe8 17. Nb5 Nxf3+ 18. Qxf3 Rxe3 19. Qf2 Nxd5 20. Nxa7+ Kb8 21. Nb5 f6 22. Rfd1 Qe5 23. Rxc7 Re8 24. Rxg7 Re1+ 25. Rxe1 Qxe1+ 26. Qxe1 Rxe1+ 27. Kh2 Re2 28. b3 Rxa2 29. Nd6 Ne3 30.
Rxb7+ Ka8 31. Rg7 Rb2 32. Nc4 Rxb3 33. Nxe3 Rxe3 34. Rxh7 Kb8 35. Rf7 Re6 36. Kg3 Kc8 37.
Kf4 Kd8 38. Kf5 Re2 39. g4 Ke8 40. Rxf6 Ke7 41. Rh6 Kf7 42. h4 Kg7 43. Rg6+ Kh7 44. h5 Rf2+ 45. Kg5 Ra2 46. Rf6 Ra5+ 47. Rf5 Ra7 48.
Kh4 Kh6 49. Rf6+ Kh7 50. Rg6 Ra4 51. Rc6 Ra7 52. Rc5 Rb7 53. Kg5 Rd7 54. Re5 Rf7 55.
h6 Ra7 56. Kh5 Ra5 57. Rxa5 1-0

[Event "*** Titled Tuesday Blitz"]
[Site "Chess.com"]
[Date "2020.11.10"]
[Round "4"]
[White "dominikaf"]
[Black "MartinMatthiesen"]
[Result "0-1"]
[WhiteElo "2209"]
[BlackElo "2417"]
[TimeControl "180+1"]
[EndTime "10:42:45 PST"]
[Termination "MartinMatthiesen won by checkmate"]

1. e4 c5 2. c4 Nc6 3. Nc3 g6 4. g3 Bg7 5. Bg2 e5 6. d3 Nge7 7. h3 d6 8. Nge2 O-O 9. O-O f5 10. Be3 Nd4 11. f4 fxe4 12. dxe4 Be6 13. Nd5 Qd7 14. Kh2 Rf7 15. Rb1 Raf8 16. b4 b6 17. bxc5 dxc5 18. Qd3 Nec6 19. a3 Kh8 20. fxe5 Nxe5 21.
Rxf7 Rxf7 22. Qd1 Nef3+ 23. Kh1 Bxh3 24. Nxd4 Nxd4 25. Rb2 Qe6 26. Qd3 Be5 27. Rf2 Rxf2 28. Bxf2 Qg4 29. Nf4 Bxg2+ 30. Nxg2 Qe2 31. Qxe2 Nxe2 32.
g4 h6 33. Ne3 Kg7 34. Kg2 Nc3 35. Kf3 Nb1 36. a4 Nc3 37. a5 bxa5 38. Be1 a4 39. Nc2 Nb1 40. Ke3 a3 41. Kd3 a2 42. Bd2 a1=Q 43. Nxa1 Bxa1 44. Kc2 Nxd2 45. Kxd2 Bd4 46. Kd3 Kf6 47. Ke2 Ke5 48. Kf3 a5 49. g5 hxg5 50. Kg4 Kxe4 51. Kxg5 Kd3 52. Kxg6 Kxc4 53. Kf5 a4 54. Ke4 a3 55. Kf3 a2 56. Ke2 a1=Q 57.
Kd2 Qb2+ 58. Kd1 Kd3 59. Ke1 Qe2# 0-1

[Event "*** Titled Tuesday Blitz"]
[Site "Chess.com"]
[Date "2020.11.10"]
[Round "4"]
[White "Grieve72"]
[Black "redbaron8888"]
[Result "0-1"]
[WhiteElo "2365"]
[BlackElo "2543"]
[TimeControl "180+1"]
[EndTime "10:42:46 PST"]
[Termination "redbaron8888 won on time"]

1. d4 Nf6 2. Bg5 d5 3. Bxf6 exf6 4. e3 c6 5. Ne2 Bd6 6. g3 Bf5 7. Bg2 Nd7 8. Nd2 h5 9. h4 Qe7 10. c4 dxc4 11. Nxc4 Bb4+ 12. Nc3 O-O-O 13. Qb3 Be6 14.
a3 Ba5 15. O-O Bc7 16. d5 Nc5 17. Qb4 Bxd5 18. Nxd5 cxd5 19. Na5 Bxa5 20. Qxa5 Kb8 21. Rad1 b6 22. Qb4 Qe5 23. a4 Nb7 24. Rd4 Qd6 25.
Qb3 Nc5 26. Qb5 Qd7 27. Qb4 Na6 28. Qa3 Qd6 29. b4 Nc7 30. a5 Nb5 31. Qd3 Nxd4 32.
Qxd4 Rhe8 33. Ra1 Qe5 34. Qd1 Qc3 35. axb6 axb6 36. Qa4 Kc7 37. Qa7+ Kd6 38. Qxb6+ Qc6 39. Qd4 Qc4 40. Qb6+ Ke7 41. Rd1 Kf8 42. Rd4 Qc1+ 43. Kh2 Qc8 44. Bh3 Qc2 0-1

[Event "*** Titled Tuesday Blitz"]
[Site "Chess.com"]
[Date "2020.11.10"]
[Round "4"]
[White "Aleksandar-Topalov"]
[Black "mbojan"]
[Result "0-1"]
[WhiteElo "2359"]
[BlackElo "2656"]
[TimeControl "180+1"]
[EndTime "10:42:46 PST"]
[Termination "mbojan won by resignation"]

1. b3 g6 2. Bb2 Nf6 3. Bxf6 exf6 4. c4 d5 5. cxd5 Qxd5 6. Nc3 Qa5 7. a3 c6 8. e3 f5 9. Nge2 Nd7 10. g3 Nf6 11. Bg2 Bd6 12. O-O O-O 13. b4 Qd8 14. d4 Qe7 15. Rb1 a5 16. Qb3 axb4 17. axb4 Be6 18. Qb2 Bc4 19. Rfe1 Rfc8 20. Nf4 Bxf4 21. gxf4 b5 22.
Ra1 Qd6 23. Ra3 Rxa3 24. Qxa3 Re8 25. Rb1 Ne4 26. Nxe4 fxe4 27. Bf1 Bd5 28. Qa7 Kh8 29. Qc5 Qe6 30. Ra1 Rg8 31. Ra7 Qg4+ 32. Bg2 Qd1+ 33. Bf1 Qg4+ 34. Bg2 g5 35. f5 Qxf5 36. Qe7 h6 37. Rd7 Qe6 38. Rc7 Qxe7 39. Rxe7 f5 40. Bf1 Rg7 41. Re8+ Kh7 42. Rd8 Rf7 43. Bxb5 Rb7 44.
Ba6 Rxb4 45. Bc8 f4 46. Bf5+ Kg7 47. Kg2 Rb2 48. Rd6 fxe3 49. Rg6+ Kf7 50. Rxh6 exf2 0-1

[Event "*** Titled Tuesday Blitz"]
[Site "Chess.com"]
[Date "2020.11.10"]
[Round "4"]
[White "Mr_Heisenberg13"]
[Black "ENajer77"]
[Result "0-1"]
[WhiteElo "2491"]
[BlackElo "2681"]
[TimeControl "180+1"]
[EndTime "10:42:47 PST"]
[Termination "ENajer77 won on time"]

1. d4 Nf6 2. c4 e6 3. Nc3 Bb4 4. e3 O-O 5. Bd2 b6 6. Bd3 Bb7 7. Nf3 Bxc3 8. Bxc3 Ne4 9. Rc1 d6 10. O-O Nd7 11. Nd2 Nxc3 12. Rxc3 Qe7 13. Be4 Bxe4 14.
Nxe4 Rfd8 15. Qa4 a5 16. Qc6 Rac8 17. a3 Nb8 18. Qa4 h6 19. b4 axb4 20. axb4 Nd7 21. Qc6 e5 22. c5 exd4 23. exd4 dxc5 24. dxc5 Ne5 25. Qb7 Rb8 26. Qa6 Rd4 27. cxb6 cxb6 28. Rc8+ Rxc8 29. Qxc8+ Kh7 30. Qc2 Nd3 31. f3 f5 32. Nf2 Qe3 33. h3 g6 34. Qc7+ Kg8 35. Qc8+ Kf7 36. Qc7+ Kf6 37. Qc6+ Kg5 38. h4+ Kh5 39.
Qxb6 Nxf2 0-1

[Event "*** Titled Tuesday Blitz"]
[Site "Chess.com"]
[Date "2020.11.10"]
[Round "4"]
[White "Flutaga"]
[Black "rugbyclub"]
[Result "0-1"]
[WhiteElo "1962"]
[BlackElo "2224"]
[TimeControl "180+1"]
[EndTime "10:42:47 PST"]
[Termination "rugbyclub won by resignation"]

1. e4 e6 2. d4 d5 3. Nd2 c5 4. exd5 exd5 5. Ngf3 Nc6 6. dxc5 Bxc5 7. Nb3 Bd6 8. Bd3 Nge7 9. O-O O-O 10. h3 Qc7 11. c3 Bd7 12. Bg5 Rad8 13. Nbd4 a6 14. Re1 f6 15. Be3 Qc8 16. c4 Ne5 17. cxd5 Nxd5 18. Rc1 Nxe3 19. Rxe3 Qb8 20. Bf5 Nxf3+ 21. Qxf3 Be5 22.
Bxd7 Rxd7 23. Nf5 Bh2+ 24. Kh1 Bf4 25. Rce1 Bxe3 26. fxe3 Kh8 27. Qg4 Qc7 28. e4 Re8 29. Rf1 Qe5 30. Nh6 Rde7 31. Nf5 Qxe4 32. Nxe7 Qxg4 33.
hxg4 Rxe7 34. Rd1 Kg8 35. Rd4 Kf7 36. Kg1 Ke6 37. Kf2 Ke5 38. Rd8 Kf4 39. Rd4+ Kg5 40.
Rc4 b5 41. Rc5+ Kf4 42. Rc6 a5 43.
Rc5 Re5 44. Rxe5 fxe5 45. Ke2 e4 46. g3+ Kxg3 47. Ke3 Kxg4 48. Kxe4 h5 49. b4 axb4 0-1

[Event "*** Titled Tuesday Blitz"]
[Site "Chess.com"]
[Date "2020.11.10"]
[Round "4"]
[White "tlomigtlis"]
[Black "Sofiia_Hryzlova"]
[Result "1-0"]
[WhiteElo "2602"]
[BlackElo "2300"]
[TimeControl "180+1"]
[EndTime "10:42:48 PST"]
[Termination "tlomigtlis won by resignation"]

1. d4 Nf6 2. c4 e6 3. Nc3 Bb4 4. Qc2 O-O 5. a3 Bxc3+ 6. Qxc3 b6 7. Bg5 Bb7 8. e3 h6 9. Bh4 d6 10. Ne2 Nbd7 11. Qc2 c5 12. Rd1 Qc7 13. Nc3 a6 14. f3 Rfe8 15. Be2 d5 16. cxd5 exd5 17. Bf2 Re7 18. O-O Rae8 19. dxc5 bxc5 20. Rd2 Nb6 21. Rfd1 Bc8 22. Na4 Nxa4 23. Qxa4 d4 24. e4 a5 25. b4 axb4 26. axb4 cxb4 27. Qxb4 d3 28. Bxd3 Re6 29. g3 Bd7 30. Kg2 Bc6 31. Rc2 Qe5 32. Rc5 Qd6 33. Qc3 Nd7 34. Ra5 Ne5 35. Be2 Qc7 36. Rc5 Qb7 37. Rc1 Bxe4 38. fxe4 Qxe4+ 39. Bf3 Qg6 40. Rc8 Kh7 41. Rxe8 Rxe8 42. Re1 f6 43.
Be4 f5 44. Bc6 Qd6 45. Bxe8 Qd5+ 46. Kh3 Nf3 47. Be3 g5 48. Qc7+ Kg8 49. Bf7+ Qxf7 50. Qxf7+ Kxf7 51. Rf1 g4+ 52. Kg2 h5 53. Rxf3 gxf3+ 54.
Kxf3 1-0

[Event "*** Titled Tuesday Blitz"]
[Site "Chess.com"]
[Date "2020.11.10"]
[Round "4"]
[White "yourstrulyme"]
[Black "mirciulica14"]
[Result "0-1"]
[WhiteElo "2409"]
[BlackElo "2633"]
[TimeControl "180+1"]
[EndTime "10:42:50 PST"]
[Termination "mirciulica14 won on time"]

1. d4 Nf6 2. Nf3 e6 3. Bf4 c5 4. e3 b6 5. Nbd2 Bb7 6. Bd3 Be7 7. h3 O-O 8. c3 cxd4 9. exd4 d6 10. O-O Nbd7 11.
Re1 Qc7 12. a4 a6 13. Bh2 Rfe8 14. Nc4 b5 15. Na3 bxa4 16. Nc4 Bc6 17. Nfd2 Rab8 18. Bc2 Bd5 19. Qe2 Rec8 20. Bd3 Bc6 21. Qe3 Bb5 22. Qg3 Ne8 23. Re3 d5 24. Qg4 Ndf6 25. Qe2 Nd6 26. Nxd6 Bxd6 27. Bxd6 Qxd6 28. Nf3 Bxd3 29.
Rxd3 Qc6 30. Ne5 Qb5 31. Rd2 Qxe2 32. Rxe2 Rb6 33. Ra2 Rcb8 34. f3 Kf8 35. Kf2 Ke7 36. Ke3 Nd7 37. Nxd7 Kxd7 38. Kd3 a5 39. Kc2 Rb3 40.
Re1 a3 41. bxa3 a4 42. Rc1 Kc6 43. Kd2 Kb5 44. Rcc2 Kc4 45. g4 g5 46. Ke3 h6 47.
Kd2 Rb1 0-1

[Event "*** Titled Tuesday Blitz"]
[Site "Chess.com"]
[Date "2020.11.10"]
[Round "4"]
[White "Crazy_girl99"]
[Black "ural58"]
[Result "0-1"]
[WhiteElo "2518"]
[BlackElo "2370"]
[TimeControl "180+1"]
[EndTime "10:42:50 PST"]
[Termination "ural58 won by resignation"]

1. e4 d5 2. exd5 Qxd5 3. Nc3 Qa5 4. d4 Nf6 5. Bd2 Bg4 6. f3 Bd7 7. Bc4 Qb6 8. Nge2 e6 9. O-O Be7 10. Kh1 O-O 11. Ne4 Nc6 12. c3 Na5 13. Bd3 Bb5 14. Bxb5 Qxb5 15. a4 Qb3 16. Qe1 Nc4 17. Bc1 Rad8 18.
Qg3 Rfe8 19. Nf4 Nxe4 20. fxe4 Qc2 21. e5 c5 22. Nh5 Qg6 23. Qf3 cxd4 24. Nf4 Qf5 25.
g4 Qxe5 26. Nd3 Qd5 27. Qxd5 exd5 28. cxd4 Bf6 29. Bf4 Bxd4 30. Rad1 Nxb2 31. Nxb2 Bxb2 32. Rb1 Bf6 33. Rxb7 a5 34. Rb5 Bc3 35. Bc7 Ra8 36. Rd1 d4 37. Bb6 Reb8 38. Kg2 f6 39. Kf3 Kf7 40.
Bxd4 Rxb5 41. axb5 Bxd4 42. Rxd4 a4 43. Rd2 Ke6 44.
Ke4 a3 45. b6 a2 46. b7 a1=Q 47. bxa8=Q Qxa8+ 48. Ke3 Qa3+ 49. Ke2 Qh3 50. Kd1 Qxg4+ 51. Re2+ Qxe2+ 52. Kxe2 Kf5 53. Kf3 Kg5 54. h3 f5 55.
Kg2 g6 56. Kg3 Kf6 57. h4 g5 58. hxg5+ Kxg5 59. Kf3 f4 60. Kf2 Kg4 61. Kg2 f3+ 62. Kf2 Kf4 63. Kg1 Kg3 64. Kf1 f2 0-1

[Event "*** Titled Tuesday Blitz"]
[Site "Chess.com"]
[Date "2020.11.10"]
[Round "4"]
[White "SantoBlue"]
[Black "GM_Crest"]
[Result "1-0"]
[WhiteElo "2919"]
[BlackElo "2726"]
[TimeControl "180+1"]
[EndTime "10:42:51 PST"]
[Termination "SantoBlue won by resignation"]

1. e4 e6 2. d4 d5 3. Nd2 a6 4.
Ngf3 c5 5. exd5 exd5 6. dxc5 Bxc5 7. Bd3 Qe7+ 8. Qe2 Nc6 9. Nb3 Bb6 10. Qxe7+ Ngxe7 11. c3 Bg4 12. Be2 O-O 13. h3 Bd7 14. Bf4 Ng6 15.
Be3 Bxe3 16. fxe3 Rfe8 17. Kf2 Rad8 18. Rad1 Bc8 19. Nbd4 Nce5 20. Nxe5 Nxe5 21. Rhe1 Nc4 22. Bxc4 dxc4 23. e4 b5 24. Nf3 Bb7 25. Rxd8 Rxd8 26. Nd4 f6 27. e5 fxe5 28. Rxe5 Kf7 29. a4 b4 30. Rc5 bxc3 31. bxc3 Rc8 32. Rxc8 Bxc8 33.
Ke3 Kf6 34. Nf3 Kf5 35. a5 Bb7 36. g4+ Kf6 37. Nd2 Bg2 38. h4 Bd5 39. Ne4+ Ke5 40.
Nc5 Bg2 41. Nxa6 Kd5 42. Nc7+ Kc6 43. Ne6 g6 44. Nf8 Kb5 45. Nxh7 Kxa5 46. Nf8 Bh3 47. Kf4 Ka4 48. Nxg6 Kb3 49. h5 Kxc3 50. Ne5 Bf1 51. Kf5 Kd4 52. Nxc4 Bxc4 53. g5 Bd3+ 54. Kf6 Ke4 55. h6 Kf4 56. g6 1-0

[Event "*** Titled Tuesday Blitz"]
[Site "Chess.com"]
[Date "2020.11.10"]
[Round "4"]
[White "Rakhimzhan_Alen"]
[Black "SaqoChess_Twitch"]
[Result "1-0"]
[WhiteElo "2635"]
[BlackElo "2418"]
[TimeControl "180+1"]
[EndTime "10:42:51 PST"]
[Termination "Rakhimzhan_Alen won by resignation"]

1. d4 d5 2. c4 e6 3. Nc3 Nf6 4. cxd5 exd5 5. Bg5 c6 6. Qc2 Nbd7 7. e3 Be7 8. Bd3 O-O 9. Nf3 Re8 10. O-O Nf8 11.
Rab1 Ne4 12. Bxe7 Qxe7 13. b4 f5 14. b5 g5 15. bxc6 bxc6 16. Ne5 Qf6 17. Bxe4 fxe4 18.
Ne2 Bd7 19. Rb7 Qd6 20. Rc1 Rec8 21. Ng3 Rcb8 22. Rxb8 Rxb8 23. h3 Rb6 24. Qa4 a6 25.
Nxd7 Nxd7 26. Nf5 Qe6 27. g4 Kf7 28. Qa3 h5 29. Kg2 h4 30. Rf1 c5 31. dxc5 Rb5 32. c6 Ne5 33. Nd6+ Kg6 34. Nxb5 axb5 35. c7 Nxg4 36. Qf8 Qe5 37. hxg4 Qxc7 38. Qf5+ Kh6 39. Qf6+ Kh7 40. Qxg5 h3+ 41. Kxh3 Qd6 42. Kg2 Qh6 43. Rh1 Qxh1+ 44. Kxh1 d4 45. Qf5+ Kg7 46. g5 b4 47.
Qf6+ Kg8 48. g6 b3 49. Qf7+ 1-0

[Event "*** Titled Tuesday Blitz"]
[Site "Chess.com"]
[Date "2020.11.10"]
[Round "4"]
[White "Harry_Rakkel"]
[Black "Jumbo"]
[Result "0-1"]
[WhiteElo "2562"]
[BlackElo "2862"]
[TimeControl "180+1"]
[EndTime "10:42:52 PST"]
[Termination "Jumbo won on time"]

1. e4 e5 2. Nc3 Nf6 3. Bc4 Nc6 4. d3 Bb4 5. Ne2 d5 6. exd5 Nxd5 7. O-O Nb6 8. Bb3 O-O 9. f4 a5 10. a3 Bc5+ 11. Kh1 Bg4 12. Qe1 exf4 13. Bxf4 Qe7 14. Qd2 Rae8 15. Rae1 Be3 16. Bxe3 Qxe3 17. Qxe3 Rxe3 18. h3 Be6 19. Nd1 Re5 20. d4 Rf5 21.
Rxf5 Bxf5 22. Ne3 Be4 23. Ng3 Bg6 24. Nef5 a4 25. Ba2 Rd8 26. c3 Kf8 27. d5 Nxd5 28. Kg1 Nf4 29. Rf1 Nd3 30. Nh4 Nce5 31. Nxg6+ hxg6 32. Ne4 Rd7 33. Kh2 b6 34. Ng5 Ke8 35. Rb1 Re7 36.
Kg3 Nc5 37. Rf1 f6 38. Nf3 Ne4+ 39. Kh2 Nxf3+ 40. Rxf3 Nc5 41. Rf2 g5 42. Bc4 Re3 43. Bb5+ Ke7 44. Rd2 Re6 45. Rd4 Rd6 46. Rb4 Rd2 0-1